 Dungeon Crawl Stone Soup version 0.29-a0-222-g5b244fca1f (webtiles) character file.

Game seed: 7082020051772142017

61 jlumianski the Chopper (level 3, 0/28 HPs)
             Began as a Demonspawn Gladiator on Feb 27, 2022.
             Succumbed to an orc's poison
             ... on level 2 of the Dungeon.
             The game lasted 00:06:24 (1353 turns).

jlumianski the Chopper (Demonspawn Gladiator)       Turns: 1353, Time: 00:06:25

Health: 0/28       AC: 10    Str: 16    XL:     3   Next: 83%
Magic:  3/3        EV:  7    Int:  9    God:
Gold:   82         SH:  0    Dex: 14    Spells: 2/2 levels left

rFire   . . .      SeeInvis .   a - +0 war axe
rCold   . . .      Faith    .   (no shield)
rNeg    . . .      Spirit   .   k - +0 chain mail
rPois   .          Reflect  .   (helmet restricted)
rElec   .          Harm     .   (no cloak)
rCorr   .          Rampage  .   (no gloves)
Will    .....                   (no boots)
Stlth   ..........              (no amulet)
HPRegen 0.09/turn               (no ring)
MPRegen 0.08/turn               (no ring)

@: confused, lethally poisoned (0 -> -6), attractive, hasted, very quick
A: icy blue scales 1, horns 1
a: no special abilities


You were on level 2 of the Dungeon.
You visited 1 branch of the dungeon, and saw 2 of its levels.

You collected 82 gold pieces.

Inventory:

Hand Weapons
 a - a +0 war axe (weapon)
 l - a +0 dagger of protection
 m - a +1 short sword of distortion
Missiles
 d - 3 throwing nets
 e - 72 stones (quivered)
Armour
 b - a +0 leather armour
 c - a +0 helmet
 k - a +0 chain mail (worn)
 o - a +1 helmet
Scrolls
 f - a scroll of noise {unknown}
 i - 2 scrolls of identify {unknown}


   Skills:
 + Level 2.5 Fighting
 + Level 3.5 Axes
 + Level 2.0 Throwing
 + Level 0.5 Armour
 + Level 3.1 Dodging


You had 2 spell levels left.
You didn't know any spells.
Your spell library contained the following spells:

 Spells                   Type           Power      Damage    Failure   Level
 Animate Skeleton         Necr           0%         N/A       100%        1
 Apportation              Tloc           0%         N/A       100%        1
 Freeze                   Ice            0%         1d3       100%        1
 Summon Small Mammal      Summ           0%         N/A       100%        1
 Frozen Ramparts          Ice            0%         1d2       100%        3
 Hailstorm                Conj/Ice       0%         3d3       100%        4


Dungeon Overview and Level Annotations

Branches:
Dungeon (2/15)

Altars:
Kikubaaqudgha

Shops:
D:1 (


Innate Abilities, Weirdness & Mutations

You are partially covered in icy blue scales. (AC +2)
You have a pair of small horns on your head.


Message History

You feel very sick.
You hear some strange, mumbled words.
Something tries to affect you, but you resist.
It was a potion of haste.
You feel yourself speed up.
You feel sick. Something hits you but does no damage.
The orc throws a poisoned dart.
The poisoned dart hits you.
You are lethally poisoned!
It was a potion of curing.
You feel better.
You hear some strange, mumbled words.
Something tries to affect you, but you resist.
You hit something but do no damage.
You hear some strange, mumbled words.
A puff of flame appears from out of thin air!
The puff of flame hits you!
* * * LOW HITPOINT WARNING * * *
You hear some strange, mumbled words.
You are confused.
The orc throws a poisoned dart.
The poisoned dart hits you!
You are lethally poisoned!
It was a potion of mutation.
You feel extremely strange. A pair of horns grows on your head!
Your +1 helmet falls away!
* * * LOW HITPOINT WARNING * * *
You feel sick.
It was a potion of attraction.
You feel attractive to monsters.
* * * LOW HITPOINT WARNING * * *
You feel sick.
The orc throws a poisoned dart.
Something is attracted toward you. The orc is attracted toward you.
Unknown command.
* * * LOW HITPOINT WARNING * * *
You feel sick. Something is attracted toward you.
The orc is attracted toward you.
You closely miss something.
* * * LOW HITPOINT WARNING * * *
You feel sick.
You hear some strange, mumbled words.
You are more confused.
You barely miss the orc. You barely miss something.
You die...

######...........§o.)(.>#
#.................#######
#[.......###......#
#........#.....§###
#........#....§.######
#........#...........#
#........##...§.####.#
#........##..o..# #.#
######
###########...@.####.#
#....# #......#...#
#.##.#
#..........#####.##.#
#####............##.#
##.._...#######.#
##......### #..
#.........# ###
#.##.#..#.# #.##....#.#


You could see an orc.

Vanquished Creatures
  An adder (D:2)
  A worm (D:2)
  A dart slug (D:2)
  2 orcs (D:2)
  2 ball pythons
  5 endoplasms
  A giant cockroach (D:1)
  3 goblins
  5 hobgoblins
  6 jackals (D:1)
  3 quokkas (D:1)
  3 bats (D:1)
  A frilled lizard (D:2)
  6 kobolds
40 creatures vanquished.

Notes
Turn   | Place    | Note
-------+----------+-------------------------------------------
     0 | D:1      | jlumianski the Demonspawn Gladiator began the quest for the
                  | Orb.
     0 | D:1      | Reached XP level 1. HP: 16/16 MP: 1/1
    91 | D:1      | Gained mutation: You are partially covered in icy blue
                  | scales. (AC +2) [demonic ancestry]
    91 | D:1      | Reached XP level 2. HP: 12/22 MP: 2/2
   102 | D:1      | Found Foriveph's Weapon Shoppe.
   633 | D:1      | Found a faded altar of an unknown god.
   866 | D:2      | Reached XP level 3. HP: 27/27 MP: 3/3
  1098 | D:2      | Found an ancient bone altar of Kikubaaqudgha.
  1349 | D:2      | Gained mutation: You have a pair of small horns on your
                  | head. [potion of mutation]
  1353 | D:2      | Succumbed to an orc's poison

Illustrated notes

Levels and vault maps discovered:
D:1:      onia_arrival_pyramid, layout_rooms,
          dreamdust_ecumenical_altar_angels_and_demons, serial_shops,
          shop_fountains
D:2:      layout_basic, basic_altar

Skill      XL: |  1  2  3 |
---------------+----------+-----
Axes           | 3 |  3.5
Dodging        | 3 |  3.1
Throwing       | 2 |  2.0
Fighting       | |  2.5
Armour         | |  0.5

Action                   || total
-------------------------++-------
Melee: War axe           ||   114
       Punch             ||     2
Throw: Stone             ||    24
  Use: Potion            ||     4
Armor: Leather armour    ||    16
       Chain mail        ||    63
Dodge: Dodged            ||    66

Table legend: (Time is in decaauts)
 A = Elapsed time spent in this place.
 B = Non-inter-level travel time spent in this place.
 C = Inter-level travel time spent in this place.
 D = Time resting spent in this place.
 E = Time spent auto-exploring this place.
 F = Levels seen in this place.
 G = Mean time per level.
                   A        B        C        D        E       F      G
               +--------+--------+--------+--------+--------+-----+--------+
         Total |   1391 |   1366 |     25 |     70 |    671 |   2 |  695.5 |
       Dungeon |   1391 |   1366 |     25 |     70 |    671 |   2 |  695.5 |
               +--------+--------+--------+--------+--------+-----+--------+

Top non-repeatable levels by time:
     D:1: 948 daAuts
     D:2: 443 daAuts
